cohdb
Replays
Latest Replays
All Replays
Popular Replays
Top Player Replays
Match Explorer
How It Works
Community
CoH3 Stats
Reddit
Sign in to upload your games and track your stats! →
Sign in with Steam
Match 46072479
Unlisted
Match 46072479
Overview
Messages
Build Orders
End
Vickers Machine Gun Team
Construct Section Command Post
Dingo Light Scout Car
Infantry Section
Infantry Section
Selects Canadian Shock Battlegroup
Selects Attacking Spirit
Selects Canadian Shock Section
Canadian Shock Section
Construct Platoon Command Post
Canadian Shock Section
Construct Company Command Post
Selects Burnout
Selects Pyrotechnics
Infantry Section
Foot Guards Section
Infantry Training
Infantry Section
Royal Engineer Section
Matilda II Heavy Tank
Selects Churchill Crocodile Heavy Tank
Churchill Crocodile Heavy Tank
Burnout
Burnout
Selects Smoke Operation
Unlock Bishop Self-propelled Artillery
Bishop Self-propelled Artillery
Smoke Operation
Royal Engineer Section
Unlock Towed 17-pounder Anti-tank Guns
Burnout
17-pounder Anti-tank Gun Team
Churchill Crocodile Heavy Tank
Burnout
Burnout
Stormless
Grunka Lunka
VENDETTA
masterzikko
0
0
Comments
sign in to comment!
No comments posted yet!